 Dungeon Crawl Stone Soup version 0.28.0-53-g5a82cb258f (webtiles) character file.

Game seed: 12371839142226868502

172 Zeld the Conjurer (level 5, -1/42 HPs)
             Began as a Deep Elf Conjurer on June 20, 2022.
             Succumbed to an orc's poison
             ... on level 4 of the Dungeon.
             The game lasted 00:05:12 (4027 turns).

Zeld the Conjurer (Deep Elf Conjurer)               Turns: 4027, Time: 00:05:13

Health: -1/42      AC: 22    Str:  4    XL:     5   Next: 27%
Magic:  13/13      EV:  2    Int: 25    God:
Gold:   133        SH:  0    Dex: 13    Spells: 1/12 levels left

rFire   . . .      SeeInvis .   (no weapon)
rCold   . . .      Faith    .   (no shield)
rNeg    . . .      Spirit   .   (armour currently unavailable)
rPois   +          Reflect  .   (helmet currently unavailable)
rElec   .          Harm     .   (cloak currently unavailable)
rCorr   .          Rampage  .   (gloves currently unavailable)
Will    .....      NoTele   +   (boots currently unavailable)
Stlth   ++........              (no amulet)
HPRegen 0.14/turn               (no ring)
MPRegen 0.13/turn               (no ring)

@: brilliant, lethally poisoned (-1 -> -12), tree-form, invisible
A: stationary, stasis, torment immunity, boosted hp
a: no special abilities


You were on level 4 of the Dungeon.
You were a tree.
You visited 1 branch of the dungeon, and saw 4 of its levels.

You collected 133 gold pieces.

Inventory:

Missiles
 c - 10 poisoned darts
 p - 21 arrows
Armour
 a - a +0 robe (melded)
Jewellery
 f - a ring of fire
Wands
 l - a wand of iceblast (10)
Scrolls
 b - a scroll of enchant armour {unknown}
 d - a scroll of noise {unknown}
 e - a scroll of vulnerability {unknown}
 g - 3 scrolls of identify {unknown}
 j - a scroll of fear {unknown}
 o - a scroll of enchant weapon {unknown}


   Skills:
 * Level 4.0 Dodging
 - Level 2.4 Stealth
 + Level 4.3 Spellcasting
 + Level 5.1 Conjurations
 - Level 2.0 Hexes
 - Level 2.0 Translocations


You had one spell level left.
You knew the following spells:

 Your Spells              Type           Power      Damage    Failure   Level
a - Magic Dart            Conj           100%       1d8       1%          1
b - Searing Ray           Conj           94%        2d7       1%          2
c - Fulminant Prism       Conj/Hex       17%        3d11      21%         4
d - Iskenderun's Mystic   Conj/Tloc      35%        2d8       21%         4

Your spell library contained the following spells:

 Spells                   Type           Power      Damage    Failure   Level
 Dazzling Flash           Conj/Hex       70%        N/A       6%          3
 Call Imp                 Summ           8%         N/A       13%         2
 Sublimation of Blood     Necr           8%         N/A       13%         2
 Mephitic Cloud           Conj/Pois/Air  21%        N/A       13%         3
 Irradiate                Conj/Tmut      13%        3d17      63%         5
 Petrify                  Tmut/Erth      8%         N/A       65%         4


Dungeon Overview and Level Annotations

Branches:
Dungeon (4/15)
 Temple: D:4-7

Altars:
Xom

Shops:
D:2 =   D:3 *


Message History

The orc misses you.
The orc wizard hits you with a +0 dagger.
You feel very sick.
The orc hits you with a +1 short sword of venom.
The orc wizard hits you with a +1 dagger of venom.
* * * LOW HITPOINT WARNING * * *
You are more poisoned.
It was a potion of curing.
You feel better. The orc misses you.
The orc wizard hits you with a +1 dagger of venom.
* * * LOW HITPOINT WARNING * * *
You are lethally poisoned!
The orc misses you.
Unknown command.
It was a potion of lignification.
You turn into a tree.
Your +0 robe melds into your body.
Your roots penetrate the ground.
* * * LOW HITPOINT WARNING * * *
You feel very sick.
The orc wizard hits you but does no damage.
The orc hits you but does no damage. The orc hits you with a +0 whip.
* * * LOW HITPOINT WARNING * * *
The orc wizard mumbles some strange words.
The orc wizard flickers and vanishes!
Deactivating autopickup; reactivate with Ctrl-A.
It was a potion of brilliance.
You feel clever all of a sudden.
* * * LOW HITPOINT WARNING * * *
You feel very sick.
The orc wizard hits you but does no damage.
The orc hits you but does no damage.
You are more poisoned.
The orc hits you but does no damage.
It was a potion of invisibility.
You fade into invisibility!
* * * LOW HITPOINT WARNING * * *
You feel very sick. The orc hits you but does no damage.
The orc wizard hits you but does no damage.
The orc hits you but does no damage.
It was a potion of magic.
Magic courses through your body.
You die...

..# #.#
#.# #.###
#...
###..#####
#........#
#♣o##
#oo.#
#..{.^#
#.....#
#.......
#..####.>
#.. ..#
##. ## #.


You could see an orc wizard and 2 orcs.

Vanquished Creatures
  2 orc wizards (D:3)
  3 gnolls
  2 adders
  A worm (D:2)
  A dart slug (D:3)
  3 orcs (D:3)
  2 bats
  5 endoplasms
  4 giant cockroaches
  3 goblins
  3 hobgoblins (D:1)
  2 jackals (D:3)
  11 kobolds
  5 quokkas
  9 ball pythons
  6 frilled lizards
  6 rats
68 creatures vanquished.

Notes
Turn   | Place    | Note
-------+----------+-------------------------------------------
     0 | D:1      | Zeld the Deep Elf Conjurer began the quest for the Orb.
     0 | D:1      | Reached XP level 1. HP: 10/10 MP: 6/6
   165 | D:1      | Reached skill level 1 in Hexes
   203 | D:1      | Reached skill level 1 in Translocations
   203 | D:1      | Reached XP level 2. HP: 15/15 MP: 6/8
   895 | D:1      | Learned a level 2 spell: Searing Ray
   975 | D:1      | Reached XP level 3. HP: 19/19 MP: 4/9
  1401 | D:2      | Reached XP level 4. HP: 24/24 MP: 6/11
  1563 | D:2      | Learned a level 4 spell: Fulminant Prism
  1966 | D:2      | Found Zoacwy's Jewellery Boutique.
  2037 | D:3      | Found a faded altar of an unknown god.
  2681 | D:3      | Reached skill level 5 in Conjurations
  2779 | D:3      | Found Boufifav's Assorted Antiques.
  3130 | D:3      | Reached XP level 5. HP: 28/28 MP: 7/13
  3135 | D:3      | Learned a level 4 spell: Iskenderun's Mystic Blast
  3367 | D:3      | Found a large runed translucent door.
  3368 | D:3      | Found a large runed translucent door.
  3370 | D:3      | Found a shimmering altar of Xom.
  4026 | D:4      | HP: 2/42 [poisoned by an orc]
  4027 | D:4      | Succumbed to an orc's poison

Illustrated notes

Levels and vault maps discovered:
D:1:      dpeg_arrival_boxes_within_box, layout_basic
D:2:      layout_rooms, serial_shops, nicolae_shop_stone,
          hangedman_abyss_or_decor_lesser_grid
D:3:      due_chaos_kobolds, layout_loops_corners, serial_shops, shop,
          nicolae_ecumenical_pavilion
D:4:      layout_loops_ring, mainiacjoe_overflow_concentric_impassable,
          jmf_multi_god_temple2

Skill      XL: |  1  2  3  4  5 |
---------------+----------------+-----
Hexes          | 1 2 |  2.0
Translocations | 1 2 |  2.0
Dodging        | 3 4 |  4.0
Spellcasting   | 4 |  4.3
Conjurations   | 5 |  5.1
Stealth        | |  2.4

Action                   |  1- 3 |  4- 6 || total
-------------------------+-------+-------++-------
Melee: Unarmed           |       |     3 ||     3
 Cast: Magic Dart        |    61 |    49 ||   110
       Searing Ray       |     3 |     6 ||     9
  Use: Potion            |       |     5 ||     5
Armor: Robe              |       |     3 ||     3
       Skin              |       |     8 ||     8
Dodge: Dodged            |     6 |    13 ||    19
